 Dungeon Crawl Stone Soup version 0.30-a0-715-gdb4ae3ece1 (webtiles) character file.

Game seed: 2999803894666574831

978 jlumianski the Chopper (level 7, -7/56 HPs)
             Began as a Demonspawn Fighter on Jan 24, 2023.
             Was a Follower of Qazlal.
             Mangled by a naga warrior
             ... wielding a +0 long sword
             ... created by the fury of Okawaru
              (16 damage)
             ... in an ossuary.
             The game lasted 00:20:00 (4148 turns).

jlumianski the Chopper (Demonspawn Fighter)         Turns: 4148, Time: 00:20:00

Health: -7/56      AC: 11    Str: 19      XL:     7   Next: 95%
Magic:  9/9        EV:  7    Int:  8 (9)  God:    Qazlal [*.....]
Gold:   155        SH:  6    Dex: 12      Spells: 6/6 levels left

rFire   . . .      SeeInvis .    a - +0 war axe
rCold   . . .      Faith    .    (no shield)
rNeg    . . .      Spirit   .    v - +0 chain mail
rPois   .          Reflect  +    j - +1 helmet
rElec   .          Harm     .    (no cloak)
rCorr   .          Rampage  .    (no gloves)
Will    .....                    (no boots) Stlth
                                 o - amulet of reflection
HPRegen 0.29/turn                (no ring)
MPRegen 0.11/turn                (no ring)

@: about to teleport, constricted
A: claws 2, repulsion field 2
a: Renounce Religion


You were in an ossuary.
You worshipped Qazlal.
Qazlal was aware of your devotion.
You visited 2 branches of the dungeon, and saw 6 of its levels.
You also visited: Ossuary.

You collected 155 gold pieces.

Inventory:

Hand Weapons
 a - a +0 war axe (weapon)
 f - a +0 sling
 i - the +7 short sword of the Supporting Gods {flame, Int+5}
   (You found it on level 3 of the Dungeon)

   Int:       It affects your intelligence (+5).
 y - a +2 spear of venom
Missiles
 m - 8 boomerangs (quivered)
 p - 2 datura-tipped darts
 q - 25 stones
Armour
 b - a +0 scale mail
 c - a +0 buckler
 j - a +1 helmet (worn)
 v - a +0 chain mail (worn)
Jewellery
 o - an amulet of reflection (around neck)
Scrolls
 e - 2 scrolls of amnesia
 g - a scroll of teleportation
 h - 2 scrolls of vulnerability
 r - a scroll of fear {unknown}
 t - a scroll of silence
 x - 3 scrolls of enchant weapon
Potions
 d - a potion of brilliance
 k - a potion of heal wounds
 l - 2 potions of lignification
 n - 4 potions of attraction
 s - 3 potions of degeneration
 u - a potion of flight
 w - a potion of mutation
 z - a potion of cancellation
 A - a potion of magic
 B - 2 potions of curing {unknown}


   Skills:
 * Level 5.1 Fighting
 + Level 5.5 Axes
 + Level 1.4 Throwing
 + Level 4.3 Armour
 + Level 1.3 Dodging
 - Level 3.2 Shields
 * Level 2.9 Invocations


You had 6 spell levels left.
You didn't know any spells.
Your spell library contained the following spells:

 Spells                   Type           Power      Damage    Failure   Level
 Sandblast                Erth           0%         2d4       99%         1
 Passwall                 Tmut/Erth      0%         N/A       100%        2
 Inner Flame              Hex/Fire       0%         N/A       100%        3
 Stone Arrow              Conj/Erth      0%         3d7       100%        3
 Cause Fear               Hex            0%         N/A       100%        4
 Discord                  Hex            0%         N/A       100%        8


Dungeon Overview and Level Annotations

Branches:
Dungeon (5/15)             Temple (1/1) D:4         Ossuary (1/1)

Altars:
Ashenzari
Fedhas
Makhleb
Nemelex Xobeh
Okawaru
Qazlal
Ru
Trog
Wu Jian
Xom


Innate Abilities, Weirdness & Mutations

You have very sharp fingernails.
You are surrounded by a moderate repulsion field. (EV +3)


Message History

Press: ? - help, v - describe, . - travel
Here: a salamander (durably summoned)
The floor.
Okay, then.
Unknown command.
Okay, then.
Unknown command.
You closely miss the orc.
The orc is severely wounded.
You slash the human zombie!
The salamander hits you but does no damage.
You block the orc's attack. You block the human zombie's attack.
The naga warrior roars a battlecry!
The salamanders go into a battle-frenzy!
You barely miss the orc.
The orc is severely wounded.
You slash the human zombie! You block the salamander's attack.
You block the orc's attack.
You slash the orc!
You kill the orc!
That felt strangely unrewarding.
You barely miss the naga warrior.
The salamander hits you from afar with a +0 trident!
You are engulfed in flames!
You closely miss the orc.
You hit the naga warrior but do no damage.
The salamander hits you from afar with a +0 trident.
You are engulfed in flames!
* * * LOW HITPOINT WARNING * * *
You block the salamander's attack.
You feel much better.
The naga warrior hits you with a +0 long sword.
The naga warrior grabs you. The naga warrior constricts you.
The orc warrior closely misses you.
The salamander hits you from afar with a +0 trident!
You are engulfed in flames!
* * * LOW HITPOINT WARNING * * *
As you read the scroll of teleportation, it crumbles to dust.
You feel strangely unstable.
The naga warrior hits you with a +0 long sword!
You die...

##.....## ##...##
#.......# #.....#
##...∩...###.....##
+...∩∩∩...'.......#
##...∩...###.....##
#.......# #.....#
##.ooo.## ##...##
###o### ##### #@#
#N#


ZNN ..... ....... #.......# ##.....## ###.### You could see a naga warrior, 2
salamanders, an orc warrior, 3 orcs and a human zombie.

Vanquished Creatures
  Sigmund (D:2)
  A black bear (D:4)
  2 elf zombies (Ossuary)
  3 scorpions
  3 centaur zombies (Ossuary)
  An orc priest (D:4)
  2 human zombies (Ossuary)
  A jelly (D:5)
  An orc wizard (D:4)
  2 mummies (Ossuary)
  4 gnolls
  2 adders
  A worm (D:3)
  A dart slug (D:1)
  10 orcs
  7 ball pythons
  5 endoplasms
  4 giant cockroaches
  7 hobgoblins
  4 jackals (D:1)
  6 kobolds
  6 quokkas
  3 bats
  7 frilled lizards
  3 goblins
  2 goblin zombies (D:5)
  5 rats
94 creatures vanquished.

Notes
Turn   | Place    | Note
-------+----------+-------------------------------------------
     0 | D:1      | jlumianski the Demonspawn Fighter began the quest for the
                  | Orb.
     0 | D:1      | Reached XP level 1. HP: 18/18 MP: 1/1
   115 | D:1      | Gained mutation: You are surrounded by a mild repulsion
                  | field. (EV +2) [demonic ancestry]
   115 | D:1      | Reached XP level 2. HP: 21/24 MP: 2/2
   682 | D:1      | Gained mutation: You have sharp fingernails. [demonic
                  | ancestry]
   682 | D:1      | Reached XP level 3. HP: 27/29 MP: 3/3
  1421 | D:2      | Found a broken altar of Ashenzari.
  1686 | D:2      | Noticed Sigmund
  1696 | D:2      | Killed Sigmund
  1697 | D:2      | Gained mutation: You have very sharp fingernails. [demonic
                  | ancestry]
  1697 | D:2      | Reached XP level 4. HP: 37/37 MP: 4/4
  1697 | D:2      | Reached XP level 5. HP: 42/42 MP: 5/5
  2197 | D:2      | Reached XP level 6. HP: 34/48 MP: 6/6
  2366 | D:3      | Identified the +7 short sword of the Supporting Gods
                  | {flame, Int+5}
  2834 | D:3      | Found a burning altar of Makhleb.
  2837 | D:3      | Noticed a balrug
  2842 | D:3      | Noticed a hellwing
  2842 | D:3      | Noticed a neqoxec
  2975 | D:4      | Found a staircase to the Ecumenical Temple.
  2979 | D:4      | Reached skill level 1 in Dodging
  2988 | Temple   | Entered the Ecumenical Temple
  3029 | Temple   | Became a worshipper of Warmaster Okawaru
  3099 | D:4      | Found a stormy altar of Qazlal.
  3112 | D:4      | Fell from the grace of Okawaru
  3112 | D:4      | Became a worshipper of Qazlal Stormbringer
  3170 | D:4      | Reached skill level 1 in Throwing
  3746 | D:4      | Gained mutation: You are surrounded by a moderate repulsion
                  | field. (EV +3) [demonic ancestry]
  3746 | D:4      | Reached XP level 7. HP: 47/55 MP: 7/7
  3751 | D:5      | Entered Level 5 of the Dungeon
  3784 | D:5      | Reached skill level 1 in Invocations
  3786 | D:5      | Found a sand-covered staircase.
  3805 | Ossuary  | Entered an ossuary
  3922 | Ossuary  | Reached skill level 5 in Axes
  3966 | Ossuary  | Reached * piety under Qazlal
  4117 | Ossuary  | Reached skill level 5 in Fighting
  4141 | Ossuary  | Noticed a naga warrior
  4141 | Ossuary  | Noticed a salamander
  4142 | Ossuary  | Noticed a salamander
  4148 | Ossuary  | Mangled by a naga warrior

Illustrated notes

Levels and vault maps discovered:
D:1:      tekkud_arrival_beachfront_property, layout_loops_cross
D:2:      layout_basic, basic_altar, uniq_sigmund
D:3:      layout_basic, makhleb_altar_promises_db, lightli_corner_chamber
D:4:      layout_basic, chequers_temple_overflow_minitemple,
          grunt_qazlal_sundering, minmay_temple_entry_slanted, kennysheep_dice,
          uniq_ijyb, uniq_natasha, uniq_blork_the_orc
D:5:      layout_loops_ring, enter_ossuary_4, nicolae_kite_square_tiling_tiny,
          dilly_guarded_unrand_throatcut, uniq_pikel
Temple:   nicolae_temple_ecumenical_triangle
Ossuary:  ossuary_minmay_four_chambers

Skill      XL: |  1  2  3  4  5  6  7 |
---------------+----------------------+-----
Axes           | 2 4 5 |  5.5
Armour         | 3 4 |  4.3
Shields        | 3 |  3.2
Fighting       | 4 5 |  5.1
Dodging        | 1 |  1.3
Throwing       | 1 |  1.4
Invocations    | 2 |  2.9

Action                     |  1- 3 |  4- 6 |  7- 9 || total
---------------------------+-------+-------+-------++-------
  Melee: War axe           |   110 |   149 |    99 ||   358
         Punch             |       |     4 |     3 ||     7
  Throw: Boomerang         |       |     9 |     8 ||    17
    Use: Potion            |     1 |     8 |     1 ||    10
         Scroll            |       |    11 |     3 ||    14
 Armour: Scale mail        |    34 |       |       ||    34
         Chain mail        |     6 |    89 |    53 ||   148
  Dodge: Dodged            |    51 |    89 |    34 ||   174
  Block: Buckler           |    31 |       |       ||    31
         Other             |       |    18 |    26 ||    44
         Reflection        |       |     1 |       ||     1

Table legend: (Time is in decaauts)
 A = Elapsed time spent in this place.
 B = Non-inter-level travel time spent in this place.
 C = Inter-level travel time spent in this place.
 D = Time resting spent in this place.
 E = Time spent auto-exploring this place.
 F = Levels seen in this place.
 G = Mean time per level.
                   A        B        C        D        E       F      G
               +--------+--------+--------+--------+--------+-----+--------+
         Total |   4277 |   4223 |     54 |    701 |   1737 |   7 |  611.0 |
       Dungeon |   3861 |   3807 |     54 |    515 |   1711 |   5 |  772.2 |
        Temple |     50 |     50 |      0 |      0 |      0 |   1 |   50.0 |
       Ossuary |    365 |    365 |      0 |    186 |     26 |   1 |  365.0 |
               +--------+--------+--------+--------+--------+-----+--------+

Top non-repeatable levels by time:
     D:2: 1224 daAuts
     D:1: 1018 daAuts
     D:3: 954 daAuts
     D:4: 607 daAuts
 Ossuary: 365 daAuts
     D:5: 57 daAuts
  Temple: 50 daAuts
